[Event "Late-Titled-Tuesday-Blitz-September-26-2023"]
[Site "Chess.com"]
[Date "2023.09.26"]
[Round "3"]
[White "Mikhail_Golubev"]
[Black "vanyakuba"]
[Result "1-0"]
[WhiteElo "2591"]
[BlackElo "2383"]
[TimeControl "180+1"]
[EndTime "14:28:29 PDT"]
[Termination "Mikhail_Golubev won by resignation"]

1. e4 d5 2. exd5 Qxd5 3. Nf3 Nf6 4. d4 Bg4 5. Be2 Nc6 6. c4 Qf5 7. Nc3 O-O-O 8. Be3 e5 9. d5 Bxf3 10. Bxf3 Nd4 11.
Bxd4 exd4 12. Qxd4 Re8+ 13. Kf1 Bb4 14. Nb5 Ne4 15.
Rd1 a6 16. a3 Nd2+ 17. Rxd2 Qb1+ 18. Bd1 Bxd2 19. Qxd2 axb5 20. cxb5 Qe4 21. Bf3 Qb1+ 22. Bd1 Kb8 23. f3 Rd8 24. Kf2 Rhe8 25. Rf1 Qf5 26. Bb3 Qe5 27. Rd1 Qxh2 28. Bc4 Qd6 29. b4 Qb6+ 30. Kf1 Qh6 31. Qxh6 gxh6 32. Kf2 Re5 33. Rh1 h5 34. Rh4 Rg8 35. Rf4 Rg7 36. Bb3 Kc8 37.
a4 Kd7 38. a5 Kd6 39. a6 bxa6 40. bxa6 Re8 41. a7 Ra8 42. Rf6+ Ke7 43. Ra6 Rgg8 44. Ba4 Rgd8 45. Bc6 f5 46. Bxa8 Rxa8 47. Ke3 h4 48. Kd4 Kd7 49. Kc5 Kc8 50. b5 Kb7 51. d6 cxd6+ 52.
Rxd6 Rc8+ 53. Rc6 Rd8 54. Ra6 Rc8+ 55. Kb4 Ra8 56. Rh6 Rxa7 57. Rxh7+ Kb6 58. Rxa7 Kxa7 59. Kc5 Kb7 60. b6 h3 61. gxh3 1-0

[Event "Late-Titled-Tuesday-Blitz-September-26-2023"]
[Site "Chess.com"]
[Date "2023.09.26"]
[Round "3"]
[White "Taran2004"]
[Black "biostatistician"]
[Result "1-0"]
[WhiteElo "2451"]
[BlackElo "2613"]
[TimeControl "180+1"]
[EndTime "14:28:33 PDT"]
[Termination "Taran2004 won on time"]

1. e4 e5 2. Nf3 Nc6 3. d4 exd4 4. Nxd4 Nf6 5. Nxc6 bxc6 6. e5 Qe7 7. Qe2 Nd5 8. h4 Bb7 9. c4 Nb6 10. Nc3 c5 11.
Bg5 Qe6 12. b3 h6 13. Bf4 O-O-O 14. O-O-O d6 15. exd6 Bxd6 16. Qxe6+ fxe6 17. Be3 Rhf8 18. Rg1 Bh2 19. Rh1 Bf4 20. Rxd8+ Kxd8 21. Bxf4 Rxf4 22. f3 Ke7 23. Kd2 e5 24. Ke3 Nc8 25. Bd3 Nd6 26.
Na4 Bc8 27. Nxc5 Bf5 28. g3 Rd4 29. g4 Bxd3 30. Nxd3 Kf6 31. f4 Re4+ 32. Kf3 exf4 33. Nxf4 Ke5 34. Nd5 c6 35. Nc3 Rf4+ 36. Kg3 Ne4+ 37.
Nxe4 Rxe4 38. Rf1 Re3+ 39. Kf2 Rc3 40. Re1+ Kf4 41. Re7 Rc2+ 42. Kf1 g5 43. hxg5 hxg5 44. Rxa7 Kxg4 45. a4 Kf3 46. Rf7+ Kg3 47. a5 Rb2 48. Rb7 g4 49. a6 Kf3 50. Rf7+ Ke3 51. a7 Ra2 52. b4 Kd4 53. b5 cxb5 54. cxb5 Kc5 55.
Rb7 g3 56. b6 Kd4 57. Rb8 Ke3 58. Re8+ Kf3 59. Rf8+ Ke3 60. a8=Q Rf2+ 61. Rxf2 gxf2 62. Qe8+ 1-0

[Event "Late-Titled-Tuesday-Blitz-September-26-2023"]
[Site "Chess.com"]
[Date "2023.09.26"]
[Round "3"]
[White "Lion_DL"]
[Black "Bodhanas"]
[Result "1-0"]
[WhiteElo "2509"]
[BlackElo "2073"]
[TimeControl "180+1"]
[EndTime "14:28:34 PDT"]
[Termination "Lion_DL won by resignation"]

1. d4 d6 2. c4 b6 3. Nf3 Bb7 4. g3 Nf6 5. Bg2 e6 6. O-O Be7 7. Nc3 O-O 8. Qc2 Nbd7 9. e4 c5 10. d5 exd5 11. cxd5 Re8 12. Re1 Ne5 13. Nxe5 dxe5 14.
h3 a6 15. a4 Qd7 16. b3 b5 17. Bb2 Rec8 18. Bf1 c4 19. axb5 axb5 20. Rxa8 Bxa8 21. bxc4 bxc4 22. Rc1 Ne8 23. Qa4 Qxa4 24. Nxa4 Nd6 25.
Bxe5 Nxe4 26. Nb6 Rd8 27. Nxa8 Rxa8 28. Rxc4 Nd2 29. Rc7 Bf6 30. Bxf6 gxf6 31. Bb5 Rd8 32. Bc6 Ne4 33. Kg2 Nd6 34. Kf3 Kg7 35. Kf4 Rb8 36.
Rd7 Rb4+ 37. Kf3 Nc4 38. Kg2 Ne5 39. Rc7 Rd4 40. f4 Nxc6 41. dxc6 Rc4 42. Kf3 f5 43. Rc8 Rc3+ 44. Kf2 Rc2+ 45. Ke3 Rc3+ 46. Kd4 Rc1 47. Ke5 Rc5+ 48. Kd6 Rc3 49. Re8 Rd3+ 50. Kc7 Rxg3 51. Kc8 Rxh3 52. c7 Rc3 53. Kb8 h5 54. c8=Q Rxc8+ 55. Kxc8 h4 56. Kd7 h3 57. Re3 h2 58. Rh3 Kg6 59.
Rxh2 Kf6 60. Kd6 Kg7 61. Ke5 Kg6 62. Rg2+ Kh5 63. Kxf5 Kh4 64. Rg7 Kh3 65. Rxf7 Kg3 66. Rg7+ Kf3 67. Kg5 Ke4 68. f5 Kf3 69. f6 Ke4 70. f7 Ke3 71. f8=Q Ke4 72. Re7+ 1-0

[Event "Late-Titled-Tuesday-Blitz-September-26-2023"]
[Site "Chess.com"]
[Date "2023.09.26"]
[Round "3"]
[White "krzyzan94"]
[Black "TheMagician"]
[Result "1-0"]
[WhiteElo "2818"]
[BlackElo "2260"]
[TimeControl "180+1"]
[EndTime "14:28:35 PDT"]
[Termination "krzyzan94 won by checkmate"]

1. e4 e5 2. Nf3 Nc6 3. Bc4 Bc5 4. d3 Nf6 5. Nc3 d6 6. Na4 Bd4 7. c3 Bb6 8. h3 Na5 9. Nxb6 axb6 10. Bb5+ Bd7 11.
Bxd7+ Nxd7 12. O-O O-O 13. d4 Nc6 14. Re1 Re8 15. a3 Qe7 16. d5 Nd8 17. b4 Rf8 18.
c4 f5 19. Bg5 Qe8 20. Bxd8 Qxd8 21. exf5 Rxf5 22. a4 Qf6 23. Ra3 Rf8 24. Nd2 Qg6 25.
Rg3 Rg5 26. Rxg5 Qxg5 27. Ne4 Qf5 28. Qg4 Qxg4 29. hxg4 Nf6 30. Ng5 Nxg4 31. f3 Nf6 32. Ne6 Ra8 33. Nxc7 Rxa4 34. Nb5 Ne8 35. c5 bxc5 36.
bxc5 Ra5 37. cxd6 Nf6 38. Nc7 Kf7 39. Rxe5 Ra1+ 40. Kh2 Rc1 41. Re7+ Kg6 42. d7 Nxd7 43. Rxd7 b5 44. d6 b4 45. Nd5 b3 46. Rb7 Rd1 47.
Nf4+ Kf6 48. g4 Rxd6 49. Rxb3 g5 50. Nh5+ Ke5 51. Kg3 Rd1 52. Rb5+ Ke6 53. Rxg5 Rg1+ 54. Kf4 Rb1 55. Re5+ Kf7 56. Re4 Rb6 57. Ng3 Rb1 58. Nf5 Rf1 59. Re7+ Kf6 60. g5+ Kg6 61. Rg7+ Kh5 62.
Ng3+ Kh4 63. Rxh7# 1-0

[Event "Late-Titled-Tuesday-Blitz-September-26-2023"]
[Site "Chess.com"]
[Date "2023.09.26"]
[Round "3"]
[White "imdvb6307"]
[Black "realmadridfc123"]
[Result "0-1"]
[WhiteElo "2486"]
[BlackElo "2784"]
[TimeControl "180+1"]
[EndTime "14:28:35 PDT"]
[Termination "realmadridfc123 won by checkmate"]

1. d4 d5 2. Nf3 c5 3. e3 Nc6 4.
c3 Nf6 5. Bd3 Bg4 6. Nbd2 e6 7.
h3 Bh5 8. Qa4 Bd6 9. dxc5 Bxc5 10.
Ne5 Qc7 11. Nxc6 bxc6 12. Nb3 Nd7 13. Qh4 Bg6 14. Bxg6 fxg6 15. O-O O-O 16. Nxc5 Nxc5 17. b3 Rf7 18. Ba3 Ne4 19. c4 Qa5 20. cxd5 exd5 21. Be7 Re8 22. b4 Qa4 23. Bd8 g5 24. Bxg5 h6 25.
Bf4 g5 26. Qg4 Nf6 27. Qf5 gxf4 28. Qxf4 Kg7 29. Rac1 Re4 30. Qf5 Rxb4 31. Qe6 Rc4 32. Rb1 Rb4 33. Rbc1 Rb6 34. g4 Qe4 35. Qd6 Rd7 36.
Qg3 Qg6 37. Rc2 Ne4 38. Qe5+ Qf6 39. Qxf6+ Nxf6 40. Rfc1 Rc7 41. f3 Nd7 42. Kf2 c5 43. Rd1 Rd6 44. e4 d4 45. f4 Nb6 46. e5 Rd5 47. Kf3 d3 48. Rc3 c4 49. Ke4 Rd8 50. Rdc1 d2 51. Rd1 Na4 52. Rc2 c3 53. f5 Nb2 54. Rxb2 cxb2 55. e6 Kf6 56. h4 Rc1 57.
g5+ hxg5 58. hxg5+ Kxg5 59. Ke5 b1=Q 60. e7 Qxf5# 0-1

[Event "Late-Titled-Tuesday-Blitz-September-26-2023"]
[Site "Chess.com"]
[Date "2023.09.26"]
[Round "3"]
[White "maksimys18"]
[Black "alexrustemov"]
[Result "1-0"]
[WhiteElo "2511"]
[BlackElo "2870"]
[TimeControl "180+1"]
[EndTime "14:28:36 PDT"]
[Termination "maksimys18 won by checkmate"]

1. d4 g6 2. Nf3 Bg7 3. c4 d6 4. Nc3 c5 5. d5 Bxc3+ 6. bxc3 f5 7. Bg5 h6 8. Bd2 Nf6 9. Qc2 Qa5 10. h4 Nbd7 11. h5 Nxh5 12. Rxh5 gxh5 13. Qxf5 Nf6 14. Qg6+ Kd8 15. e4 Qc7 16. Bf4 Qd7 17. e5 Qg4 18. Bg5 Bf5 19. Qf7 hxg5 20. exf6 Qe4+ 21. Be2 Kc7 22. Nxg5 Qe5 23. Qxe7+ Qxe7 24. fxe7 Rae8 25. Kd2 Rxe7 26. f4 h4 27. a4 a5 28. Rh1 Bd7 29. Ra1 Rhe8 30. Bf3 b6 31. Rh1 Bxa4 32. Rxh4 Bd7 33.
Rh1 a4 34. g4 Re3 35. f5 R3e5 36. Ne6+ Kc8 37. Be2 Rg8 38. Rg1 a3 39. f6 Bxe6 40. dxe6 Rxe6 41. g5 Rf8 42. Bg4 Kd7 43. Re1 Re8 44.
f7 Rf8 45. Rxe6 Rxf7 46. Rf6+ Ke7 47. Rxf7+ Kxf7 48. Kc2 Kg6 49. Bd7 Kxg5 50. Kb3 Kf4 51. Kxa3 Ke3 52. Ka4 Kd3 53. Be6 Kxc3 54. Kb5 Kd4 55.
Kxb6 Ke5 56. Bd5 Kf6 57. Kc6 Ke7 58. Kc7 Ke8 59. Kxd6 Kd8 60. Kxc5 Kc7 61. Kb5 Kb8 62.
Kb6 Kc8 63. Be6+ Kb8 64. c5 Ka8 65. c6 Kb8 66. c7+ Ka8 67. c8=Q# 1-0

[Event "Late-Titled-Tuesday-Blitz-September-26-2023"]
[Site "Chess.com"]
[Date "2023.09.26"]
[Round "3"]
[White "Thjop"]
[Black "GadimbayliA"]
[Result "1/2-1/2"]
[WhiteElo "2604"]
[BlackElo "2855"]
[TimeControl "180+1"]
[EndTime "14:28:39 PDT"]
[Termination "Game drawn by repetition"]

1. e4 e5 2. Nf3 d5 3. Nxe5 Bd6 4.
d4 dxe4 5. Nc4 Nf6 6. Be2 O-O 7. Bg5 Nc6 8. c3 Bf5 9. Nbd2 Re8 10. Nf1 h6 11. Bh4 Be7 12. Nfe3 Bg6 13. Qb3 Rb8 14. a4 a6 15. a5 Nd5 16. Bxe7 Rxe7 17. g3 Kh7 18. h4 f6 19. Qc2 Kh8 20. h5 Bh7 21. Nxd5 Qxd5 22. Ne3 Qd6 23. b4 f5 24. Rh4 Rf8 25.
Rf4 Ree8 26. Kf1 Ne7 27. Nc4 Qf6 28. Ne3 Qc6 29. Rh4 f4 30. Rxf4 Rxf4 31. gxf4 Qf6 32.
Ng2 Nd5 33. Qd2 Qe6 34. Bc4 Qh3 35.
Kg1 Nxc3 36. Qe3 Qf3 37. Re1 Rd8 38. Qxf3 exf3 39. Nh4 Nb5 40. Bxb5 axb5 41. Nxf3 Bg8 42. Re5 c6 43. Kg2 Rf8 44. Kg3 Bd5 45. Nh4 Rd8 46.
Ng6+ Kh7 47. Ne7 Bf7 48. Nf5 Bxh5 49. Re7 Kg6 50. Nxg7 Rxd4 51. Nxh5 Kxh5 52. Rxb7 Rxb4 53. a6 Ra4 54. Rb6 b4 55. Rxc6 b3 56. Rb6 b2 57.
Rxb2 Ra3+ 58. f3 Rxa6 59. Rb5+ Kg6 60. Kg4 Ra4 61. Rb6+ Kg7 62. Rb7+ Kg6 63. Rb6+ Kg7 64. Rb7+ Kg6 65. Rb6+ 1/2-1/2

[Event "Late-Titled-Tuesday-Blitz-September-26-2023"]
[Site "Chess.com"]
[Date "2023.09.26"]
[Round "3"]
[White "IMRosen"]
[Black "Lennis93"]
[Result "0-1"]
[WhiteElo "2551"]
[BlackElo "2729"]
[TimeControl "180+1"]
[EndTime "14:28:40 PDT"]
[Termination "Lennis93 won by checkmate"]

1. d4 Nf6 2. Bf4 d6 3. Nc3 g6 4. e4 Bg7 5. Qd2 c6 6. O-O-O b5 7. f3 b4 8. Nce2 Qa5 9. Kb1 h5 10. Nc1 Be6 11. Nh3 Bxh3 12. gxh3 Nbd7 13. Bc4 Nb6 14. Bb3 Qb5 15. Qe2 a5 16. Qxb5 cxb5 17. c3 a4 18. Bc2 a3 19. Bb3 axb2 20. Kxb2 bxc3+ 21. Kxc3 O-O 22. Ne2 Rfb8 23. Rhg1 b4+ 24. Kd3 Kf8 25. Rc1 Rc8 26. Be3 Nfd7 27. f4 d5 28. exd5 Nf6 29.
Rc5 Rxc5 30. dxc5 Nbxd5 31. Bd2 e6 32. Kc4 Ne4 33. Bxb4 Nxb4 34. Kxb4 Rb8+ 35. Kc4 Rc8 36. Kd3 Nxc5+ 37. Ke3 Rb8 38. Rb1 Ke7 39. Bc2 Ra8 40. Bb3 Bh6 41. Kf3 Bg7 42. Ng3 h4 43. Ne4 Nxe4 44.
Kxe4 Rd8 45. a4 Rd4+ 46. Ke3 Rb4 47. a5 Bh6 48. Kd3 Bxf4 49. Kc3 Rb5 50. a6 Ra5 51. Bc4 Bxh2 52. Rb7+ Kf6 53. Kb4 Ra1 54. Bb3 Rxa6 55. Ba4 Ra8 56. Kc4 Rxa4+ 57. Kd3 Ra3+ 58. Ke2 Rxh3 59.
Kf1 Be5 60. Kg2 Rh2+ 61. Kg1 Rb2 62. Rd7 h3 63. Rd1 g5 64. Kh1 Kg6 65. Re1 Bf4 66.
Ra1 Rc2 67. Rg1 Rc1 68. Rxc1 Bxc1 69. Kg1 Bf4 70. Kh1 g4 71. Kg1 g3 72. Kh1 g2+ 73. Kg1 Be3+ 74. Kh2 g1=Q+ 75. Kxh3 Kf5 76. Kh4 Qg4# 0-1

[Event "Late-Titled-Tuesday-Blitz-September-26-2023"]
[Site "Chess.com"]
[Date "2023.09.26"]
[Round "3"]
[White "kuli4ik"]
[Black "arminmusovic"]
[Result "0-1"]
[WhiteElo "2925"]
[BlackElo "2510"]
[TimeControl "180+1"]
[EndTime "14:28:41 PDT"]
[Termination "arminmusovic won on time"]

1. Nf3 Nf6 2. g3 g6 3. b3 Bg7 4. Bb2 O-O 5. Bg2 c6 6. O-O Re8 7.
d4 d5 8. c4 Ne4 9. Nbd2 Nxd2 10.
Qxd2 Nd7 11. Rac1 Nf8 12. Rfd1 Bf5 13. h4 f6 14. Qb4 Bc8 15. h5 gxh5 16. Rc2 e6 17.
Bc1 Ng6 18. Qe1 Bd7 19. e4 Rc8 20. Re2 Qc7 21. Ba3 Bf8 22. Bxf8 Rxf8 23. Qd2 Qd6 24. Rde1 dxe4 25. Rxe4 f5 26. R4e2 f4 27. Ne5 fxg3 28. fxg3 Rce8 29. c5 Qe7 30. Qh6 h4 31. Nxg6 Qf6 32. Qxh4 hxg6 33. Qxf6 Rxf6 34. Rf2 Ref8 35. Rxf6 Rxf6 36. Re5 Kf7 37. Be4 Kg7 38. Kg2 Be8 39.
b4 a6 40. a3 Kh6 41. Bd3 Bd7 42. Re3 Kg7 43. Re5 Kh6 44. Be4 Be8 45. g4 g5 46.
Kg3 Bg6 47. Bf3 Bd3 48. Re3 Bc4 49. Be4 Kg7 50. Re1 Rh6 51. Bf3 Kf7 52. a4 Bb3 53. b5 Bxa4 54. bxa6 bxa6 55. Rf1 Ke7 56. Re1 Bb5 57. Re5 Kf6 58. Re1 Rh8 59. Ra1 Ra8 60. Kf2 a5 61. Ke3 a4 62. Be4 Rd8 63. Rh1 Rf8 0-1

[Event "Late-Titled-Tuesday-Blitz-September-26-2023"]
[Site "Chess.com"]
[Date "2023.09.26"]
[Round "3"]
[White "KejJaj"]
[Black "garfield_pg"]
[Result "0-1"]
[WhiteElo "2196"]
[BlackElo "2392"]
[TimeControl "180+1"]
[EndTime "14:28:44 PDT"]
[Termination "garfield_pg won on time"]

1. d4 d5 2. Bf4 e6 3. e3 c5 4.
c3 Nc6 5. Nd2 Bd6 6. Bg3 Nge7 7.
Ngf3 O-O 8. Bd3 f6 9. Bxd6 Qxd6 10. dxc5 Qxc5 11. Nb3 Qb6 12. a4 e5 13. Bc2 Be6 14.
a5 Qc7 15. O-O Rad8 16. Qe2 f5 17. Rfd1 h6 18. Nc5 Bf7 19. Bb3 Nxa5 20. Rxa5 Qxa5 21.
Nxb7 Qb6 22. Nxd8 Rxd8 23. Ba2 Bh5 24. Qc2 e4 25. Nd4 Bxd1 26. Qxd1 Kh8 27. Qa4 Qxb2 28. h3 Qb6 29. Qa3 Rd7 30. Qa4 Rc7 31. Qe8+ Kh7 32.
Qf7 Qg6 33. Qf8 Qf6 34. Qd8 Rb7 35. Bxd5 Nxd5 36. Qxd5 Rb1+ 37. Kh2 g6 38. Qd7+ Qg7 39.
Qd5 Qc7+ 40. g3 Rb6 41. Kg2 Qe7 42. c4 Rd6 43. Qb5 a6 44. Qa5 Qd8 45. Qa4 Qd7 46.
Qa3 Qc7 47. c5 Rf6 48. Qb4 g5 49. Qc4 f4 50. exf4 gxf4 51. Qd5 fxg3 52. Qxe4+ Kg7 53. fxg3 Qf7 54. Qe3 Qa2+ 55. Ne2 Qd5+ 56. Kh2 Re6 57. Qf2 Qe5 58. Nf4 Qe1 59. Qxe1 Rxe1 60. Nd5 Rd1 61.
Nc7 Rd2+ 62. Kg1 a5 63. Kf1 Rc2 64. Ke1 Kf7 65. Na6 a4 66. Kd1 Rc3 0-1

[Event "Late-Titled-Tuesday-Blitz-September-26-2023"]
[Site "Chess.com"]
[Date "2023.09.26"]
[Round "3"]
[White "PapaieDudu"]
[Black "NowInChess"]
[Result "0-1"]
[WhiteElo "2409"]
[BlackElo "2260"]
[TimeControl "180+1"]
[EndTime "14:28:51 PDT"]
[Termination "NowInChess won by checkmate"]

1. e4 e6 2. Nf3 d5 3. e5 c5 4. b4 cxb4 5. a3 Nc6 6. axb4 Bxb4 7. c3 Be7 8. d4 f6 9. Bd3 Nh6 10. h4 O-O 11. Na3 Bd7 12. Nc2 fxe5 13. dxe5 Rxf3 14. Qxf3 Nxe5 15. Qg3 Nxd3+ 16. Qxd3 Nf5 17. g3 Qb6 18. O-O Bb5 19. Qd1 Bxf1 20. Kxf1 Bc5 21. Qe2 Rf8 22. Bf4 Nxh4 23. Nd4 Ng6 24. Qxe6+ Qxe6 25. Nxe6 Rc8 26.
Bd2 Bb6 27. f4 Ne7 28. g4 Nc6 29. Ke2 Na5 30. Rb1 Re8 31. f5 g6 32. Kd3 gxf5 33.
gxf5 Nc4 34. Rg1+ Kh8 35. Bh6 Bxg1 36. Ng5 Ne5+ 37. Kc2 Kg8 38. f6 Nf7 39. Nf3 Nxh6 40. Nxg1 Rf8 41. Ne2 Rxf6 42. Nd4 Rf2+ 43. Kb3 Nf5 44.
Nb5 a6 45. Nc7 h5 46. Nxd5 h4 47. Nf6+ Kf7 48. Ne4 Rf4 49. Ng5+ Kg6 50. Nh3 Rf3 51. Ng1 Rg3 52. Ne2 Rg4 53. c4 h3 54. Kc3 h2 55.
Kb4 h1=Q 56. Ka5 Qa1+ 57. Kb6 Qb2+ 58. Ka7 Qxe2 59. c5 Qe3 60. Kb6 Ne7 61. Ka7 Qxc5+ 62.
Kb8 Kf5 63. Ka8 Rg8+ 64. Kxb7 a5 65. Ka6 Ra8+ 66. Kb7 Rb8+ 67. Kxb8 a4 68. Kb7 a3 69.
Kb8 a2 70. Kb7 a1=Q 71. Kb8 Qb1+ 72. Ka8 Qa3# 0-1

[Event "Late-Titled-Tuesday-Blitz-September-26-2023"]
[Site "Chess.com"]
[Date "2023.09.26"]
[Round "3"]
[White "ATM622"]
[Black "Ermito2020"]
[Result "0-1"]
[WhiteElo "2431"]
[BlackElo "2624"]
[TimeControl "180+1"]
[EndTime "14:28:52 PDT"]
[Termination "Ermito2020 won on time"]

1. d4 Nf6 2. c4 g6 3. g3 Bg7 4.
Bg2 d6 5. Nf3 O-O 6. O-O Nbd7 7.
Nc3 e5 8. d5 Nc5 9. Nd2 a5 10.
Qc2 Ne8 11. e4 f5 12. f4 exf4 13. gxf4 fxe4 14. Ndxe4 Bf5 15. Qe2 Nxe4 16. Nxe4 Qe7 17. Re1 h6 18. Ng3 Qxe2 19. Rxe2 Bd3 20. Re7 Bd4+ 21.
Be3 Bxe3+ 22. Rxe3 Bxc4 23. Re7 Rf7 24. Rae1 Kf8 25.
Rxf7+ Kxf7 26. f5 Bxa2 27. fxg6+ Kxg6 28. Re7 b5 29. Be4+ Kg5 30. Kf2 b4 31. Rf7 a4 32.
h4+ Kxh4 33. Bf3 Kg5 34. Be4 Nf6 35. Rg7+ Kf4 36. Rf7 Ke5 37. Re7+ Kd4 38. Bc2 Nxd5 39. Nf5+ Kc5 40. Re4 Rf8 41. Re2 Bc4 42. Re1 a3 43.
Kg3 axb2 44. Rb1 b3 45. Be4 Nc3 46. Rxb2 Nxe4+ 47. Kf4 Nc3 48. Kg4 Be6 49. Kh5 Bxf5 50. Kxh6 Na4 51. Rxb3 Be6 52. Ra3 Nb6 53. Ra1 Kc6 54.
Kg7 Rf7+ 55. Kg6 Rf5 56. Re1 Rc5 57. Rxe6 Nd5 58. Re8 Rc3 59. Kf7 Re3 60. Ra8 Kc5 61. Ra5+ Kd4 62. Ra6 Ke5 63. Kg6 c5 64. Kg5 c4 0-1

[Event "Late-Titled-Tuesday-Blitz-September-26-2023"]
[Site "Chess.com"]
[Date "2023.09.26"]
[Round "3"]
[White "Harsha_Bharathakoti"]
[Black "Korchmar_Vasiliy"]
[Result "1/2-1/2"]
[WhiteElo "2898"]
[BlackElo "2676"]
[TimeControl "180+1"]
[EndTime "14:28:55 PDT"]
[Termination "Game drawn by repetition"]

1. Nf3 d5 2. g3 g6 3. Bg2 Bg7 4.
d4 Nf6 5. O-O c6 6. c3 O-O 7. Bf4 Bf5 8. Qc1 Re8 9. c4 Nbd7 10.
Rd1 Rc8 11. Na3 Ne4 12. Bh6 Bh8 13. Nh4 Be6 14. Qe3 Ndf6 15. f3 Nd6 16. c5 Nf5 17. Nxf5 Bxf5 18. g4 Bd7 19. Bf4 h5 20. h3 hxg4 21.
hxg4 Nh7 22. Nc2 e5 23. dxe5 Qe7 24. b4 f6 25. e6 Bxe6 26. Nd4 Nf8 27. Bd6 Qf7 28.
Qd3 Bd7 29. Kf2 Bg7 30. Rh1 Ne6 31. Nxe6 Rxe6 32. Rag1 Rce8 33. Bf1 d4 34. Qxd4 f5 35. Qd2 fxg4 36. Rg3 gxf3 37. Rxf3 Rf6 38. Rg1 Be6 39.
Rg3 Bd5 40. Rxf6 Qxf6+ 41. Kg1 Qh4 42. Bg2 Bd4+ 43. e3 Be5 44. Bxe5 Rxe5 45. Bxd5+ Rxd5 46. Qe1 Rg5 47. Kg2 Qe4+ 48. Kg1 Qh4 49. Kg2 Qe4+ 50.
Kg1 Rxg3+ 51. Qxg3 Qb1+ 52. Kf2 Qxa2+ 53. Kg1 Qb1+ 54.
Kf2 Qf5+ 55. Ke1 Qb1+ 56. Ke2 Qc2+ 57. Ke1 Qc3+ 58. Ke2 Qc4+ 59. Kf2 Qc2+ 60. Ke1 Qb1+ 61. Ke2 Qb2+ 62. Kf1 Qf6+ 63. Ke2 Kg7 64. Qc7+ Qf7 65. Qe5+ Kh7 66. Qh2+ Kg8 67. Qb8+ Kg7 68. Qe5+ Kh6 69.
Qh2+ Kg5 70. Qg3+ Kf5 71. Qf4+ Ke6 72. Qd6+ Kf5 73. Qf4+ Ke6 74. Qd6+ Kf5 75. Qf4+ 1/2-1/2

[Event "Late-Titled-Tuesday-Blitz-September-26-2023"]
[Site "Chess.com"]
[Date "2023.09.26"]
[Round "3"]
[White "Flawless_Fighter"]
[Black "WPWPWP-2015"]
[Result "1-0"]
[WhiteElo "2787"]
[BlackElo "2488"]
[TimeControl "180+1"]
[EndTime "14:28:57 PDT"]
[Termination "Flawless_Fighter won by resignation"]

1. e4 e5 2. Nf3 Nc6 3. Bc4 Nf6 4. O-O Be7 5. d3 O-O 6. Nc3 d6 7. h3 Na5 8. a4 Nxc4 9. dxc4 c6 10. Qd3 Qc7 11. Be3 Be6 12. b3 h6 13. Rad1 Rfd8 14. Qe2 Kh7 15. Bc1 Rd7 16. Rd3 Rad8 17. Rfd1 a6 18. Ba3 Ne8 19. R1d2 Kg8 20. Nh2 f5 21. exf5 Bxf5 22. Rf3 Bg6 23. Rg3 Bg5 24. Rd1 Bf5 25.
Rf3 Bg6 26. Rg3 Bf5 27. Ne4 Bh4 28. Rf3 Rf7 29. Ng4 d5 30. Ng3 Bxg3 31. Rxg3 Bxg4 32. Qxg4 d4 33. Bc1 Rf6 34. Re1 Rd7 35. Qh4 Kh7 36.
Qe4+ Kg8 37. Qxe5 Qxe5 38. Rxe5 Nd6 39. Bb2 Nf7 40. Re8+ Kh7 41. Re4 Rfd6 42. Reg4 Ne5 43. Re4 Nf7 44. h4 c5 45. Reg4 Ne5 46. Re4 Nc6 47. h5 Rf6 48. Bc1 Rdf7 49. f3 Ne7 50. Rgg4 Nf5 51. Rgf4 Nd6 52. Rxf6 Rxf6 53. Re7 Rf7 54.
Re6 Nf5 55. Kf2 Ne7 56. g4 Nc6 57. Kg3 Kg8 58. Bf4 Re7 59. Rxe7 Nxe7 60. Bd6 Nc6 61.
Bxc5 Kf7 62. Kf4 g6 63. hxg6+ Kxg6 64. Ke4 Kg5 65. Bxd4 h5 66. Be3+ Kg6 67. gxh5+ Kxh5 68. Kd5 Nb4+ 69. Kc5 Nxc2 70. Bf2 Kg5 71. Kb6 Na1 72. b4 Nc2 73. Bc5 Na3 74. Kxb7 Nxc4 75. Kxa6 Kf4 76.
Kb5 Ne5 77. a5 Kxf3 78. a6 1-0

[Event "Late-Titled-Tuesday-Blitz-September-26-2023"]
[Site "Chess.com"]
[Date "2023.09.26"]
[Round "3"]
[White "ozates"]
[Black "ljm509"]
[Result "0-1"]
[WhiteElo "2533"]
[BlackElo "2329"]
[TimeControl "180+1"]
[EndTime "14:29:06 PDT"]
[Termination "ljm509 won by resignation"]

1. e4 e6 2. d4 d5 3. Nd2 dxe4 4.
Nxe4 Nd7 5. g3 Ngf6 6. Nxf6+ Nxf6 7. Bg2 Be7 8. Ne2 O-O 9. O-O Rb8 10. c4 b6 11. Nc3 Bb7 12. h3 Bxg2 13. Kxg2 c5 14.
d5 exd5 15. cxd5 h6 16. Bf4 Bd6 17. Qf3 Bxf4 18. Qxf4 Nxd5 19. Nxd5 Qxd5+ 20. Kh2 Rbd8 21. a4 Qd4 22. Qc7 Rd7 23. Qc6 Rfd8 24. a5 Qxb2 25.
Rab1 Qc2 26. axb6 Rd6 27. Qxd6 Rxd6 28. bxa7 Ra6 29. Rb8+ Kh7 30. a8=Q Rxa8 31. Rxa8 c4 32. Raa1 c3 33. Rac1 Qe2 34. Kg2 c2 35. Rfe1 Qd2 36.
Ra1 g5 37. Kg1 Kg7 38. Rf1 h5 39. Rae1 Kg6 40. Ra1 h4 41. g4 Kf6 42. Ra6+ Ke5 43. Rc6 Ke4 44. Kg2 f5 45. gxf5 Kxf5 46. Rc8 Qd5+ 47.
Kh2 Qd6+ 48. Kg2 Qd5+ 49. Kh2 Qd1 50. Kg1 Qd3 51. Kg2 Qd2 52. Ra1 Qd5+ 53. Kg1 Qd1+ 54. Kg2 Qxa1 55. Rxc2 Qa8+ 56. Kg1 Qd5 57. Rc3 Qd1+ 58.
Kg2 Qd5+ 59. Kg1 Kf4 60. Re3 Qd4 61. Ra3 Qb4 62. Re3 Qd2 63. Re8 Qd1+ 64. Kg2 Qd5+ 65.
Kg1 Qc5 66. Re1 Kf3 67. Rf1 Qd4 68. Kh2 Qf4+ 69. Kg1 Qd4 70. Kh2 Qxf2+ 71. Rxf2+ Kxf2 72. Kh1 Kf3 73. Kh2 Kf2 74. Kh1 Kg3 0-1

[Event "Late-Titled-Tuesday-Blitz-September-26-2023"]
[Site "Chess.com"]
[Date "2023.09.26"]
[Round "3"]
[White "Goryachkina"]
[Black "whitemirrorninja"]
[Result "1/2-1/2"]
[WhiteElo "2652"]
[BlackElo "2472"]
[TimeControl "180+1"]
[EndTime "14:29:07 PDT"]
[Termination "Game drawn - insufficient material"]

1. e4 c5 2. Nf3 a6 3. c4 Nc6 4. d4 cxd4 5. Nxd4 e5 6. Nb3 Nf6 7. Bd3 a5 8. Be3 a4 9. Nc1 Bb4+ 10. Nd2 a3 11. bxa3 Rxa3 12. O-O O-O 13. c5 d6 14.
Nc4 Rc3 15. cxd6 Nxe4 16. Bxe4 Rxc4 17. Bxh7+ Kxh7 18. Qd3+ f5 19. Qxc4 f4 20. Bc5 Bxc5 21. Qxc5 f3 22. Nb3 Qg5 23. g3 Qg4 24. Kh1 Qh3 25.
Rg1 Rf6 26. Qe3 Rh6 27. Qxh6+ Qxh6 28. Rad1 Bh3 29. d7 Bg2+ 30. Rxg2 fxg2+ 31. Kxg2 Qf6 32. Nc5 Nd4 33. Rd3 Qc6+ 34. f3 Qxc5 35. d8=Q Qc2+ 36. Kh3 Qxd3 37. Qh4+ Kg6 38. Qg4+ Kf6 39. Qh4+ Kf7 40. Qh5+ Qg6 41. Qxe5 Qe6+ 42. Qxe6+ Kxe6 43. Kg4 Nb5 44. f4 Nc3 45. Kg5 Kf7 46. a3 Nb5 47. a4 Nc3 48. a5 Ne4+ 49. Kf5 Nd6+ 50. Ke5 Nc4+ 51. Kd5 Nxa5 52. Kc5 Nc6 53. Kb6 Nd8 54. g4 Ke6 55. h4 Kd5 56. h5 Ke6 57. g5 Kf5 58. h6 gxh6 59. gxh6 Kg6 60. Kc7 Kxh6 61. Kxd8 b5 62.
Ke7 b4 63. f5 b3 64. f6 b2 65.
f7 b1=Q 66. f8=Q+ Kg6 67. Qf6+ Kh5 68. Qf7+ Kg4 69. Qg7+ Kh4 70. Qf6+ Kg4 71. Qe6+ Kh4 72. Qf6+ Kg4 73. Qe6+ Qf5 74. Qxf5+ Kxf5 1/2-1/2

[Event "Late-Titled-Tuesday-Blitz-September-26-2023"]
[Site "Chess.com"]
[Date "2023.09.26"]
[Round "3"]
[White "Saif_Malek04"]
[Black "eCztery"]
[Result "0-1"]
[WhiteElo "2575"]
[BlackElo "2415"]
[TimeControl "180+1"]
[EndTime "14:29:12 PDT"]
[Termination "eCztery won by checkmate"]

1. e4 c5 2. Nf3 g6 3. d4 cxd4 4. Nxd4 Nc6 5. Bc4 Bg7 6. Ne2 d6 7.
Nbc3 Nf6 8. Be3 O-O 9. f3 Qa5 10. Qd2 Be6 11. Bxe6 fxe6 12. Nf4 Qe5 13. Nd3 Qa5 14.
O-O e5 15. a3 Rac8 16. Qf2 a6 17. Bb6 Ng4 18. fxg4 Rxf2 19. Bxa5 Rxf1+ 20. Rxf1 Nxa5 21. Nd5 Bf8 22. c3 Nc4 23. Rf2 a5 24. a4 e6 25.
Nf6+ Kg7 26. g5 d5 27. exd5 exd5 28. Nxd5 e4 29. N3f4 Rc6 30. Re2 Bc5+ 31. Kh1 e3 32. h4 Rd6 33. b3 Ne5 34. Kh2 Ba7 35. Kh3 Nd3 36. c4 Nxf4+ 37. Nxf4 Rd2 38. Kg4 h5+ 39. Kf3 Rd1 40. Nd5 Rd3 41. Nxe3 Rxb3 42. Ke4 Rb4 43. Kd5 Rxa4 44. Nc2 Ra2 45. Re7+ Kf8 46. Rxb7 Bf2 47.
Nd4 Rd2 48. Ke6 Bxd4 49. Rb8+ Kg7 50. Rb7+ Kg8 51. Rb8+ Kh7 52. Rb7+ Bg7 53. c5 Re2+ 54. Kd5 Rd2+ 55. Ke6 Rxg2 56. c6 Rc2 57. c7 a4 58.
Kd7 a3 59. Ra7 a2 60. Rxa2 Rxa2 61. c8=Q Ra4 62. Qc2 Rxh4 63. Qb3 Rf4 64. Ke7 Rf5 65. Ke6 Rxg5 66. Qb7 Rf5 67. Qe4 Re5+ 68. Qxe5 Bxe5 69. Kxe5 Kh6 70. Kf4 g5+ 71. Kg3 h4+ 72. Kh2 Kh5 73. Kg2 g4 74. Kh1 Kg5 75. Kg1 Kf4 76. Kh1 Ke3 77. Kg1 Kf3 78. Kh1 Kf2 79. Kh2 g3+ 80.
Kh1 g2+ 81. Kh2 g1=Q+ 82. Kh3 Qg5 83. Kh2 Qg2# 0-1